 Dungeon Crawl Stone Soup version 0.30-a0-996-ga6910c8ee8 (webtiles) character file.

Game seed: 5076745119029081109

110305 Pooter the Severer (level 16, 0/151 HPs)
             Began as a Minotaur Berserker on Apr 3, 2023.
             Was a High Priest of Trog.
             Constricted to death by Jorgrun (12 damage)
             ... on level 13 of the Dungeon on Apr 4, 2023.
             The game lasted 02:04:42 (32718 turns).

Pooter the Severer (Minotaur Berserker)            Turns: 32718, Time: 02:04:43

Health: 0/151      AC: 16    Str: 33    XL:     16   Next: 6%
Magic:  15/15      EV:  5    Int:  4    God:    Trog [*****.]
Gold:   854        SH:  5    Dex: 13    Spells: 15/15 levels left

rFire   + . .      SeeInvis .    a - +3 battleaxe (heavy)
rCold   + + +      Faith    .    (shield currently unavailable)
rNeg    + . .      Spirit   .    y - +4 plate armour
rPois   +          Reflect  +    Z - +0 hat
rElec   .          Rampage  .    r - scarf "Atyomaast" {rC+ rF+, rN+ Dex+3}
rCorr   +                        q - +0 pair of gloves
Will    +++++                    (no boots) Stlth
                                 s - amulet of reflection
HPRegen 1.45/turn                C - ring "Viteyng" {+Blink rC+ Str+6 Slay+3}
MPRegen 0.14/turn                I - ring "Omupexer" {rPois rC+ Will++ rCorr Dex-3}

@: grasped by roots, strong-willed, regenerating, constricted
A: horns 2, retaliatory headbutt
a: Renounce Religion, Evoke Blink, Berserk, Trog's Hand, Brothers in Arms


You were on level 13 of the Dungeon.
You worshipped Trog.
Trog was extremely pleased with you.
You visited 3 branches of the dungeon, and saw 20 of its levels.
You also visited: Ossuary and Bailey.

You collected 2113 gold pieces.
You spent 1259 gold pieces at shops.

Inventory:

Hand Weapons
 a - a +3 heavy battleaxe (weapon)
   (You took it off an orc knight on level 2 of the Orcish Mines)
 b - a +3 triple crossbow of draining
   (You acquired it in a bailey)
 d - a +6 battleaxe
   (You took it off a wight on level 10 of the Dungeon)
 p - a +3 broad axe of flaming
   (You took it off an orc knight on level 2 of the Orcish Mines)
 D - a +3 dire flail of holy wrath
   (You took it off an orc warlord on level 1 of the Orcish Mines)
 G - a +0 war axe of venom
   (You took it off an orc on level 5 of the Dungeon)
 J - a +0 broad axe
   (You took it off an orc warrior in a bailey)
 L - a +4 executioner's axe
   (Trog gifted it to you on level 11 of the Dungeon)
Missiles
 g - 20 boomerangs
 h - 2 silver boomerangs
 l - 23 poisoned darts (quivered)
 A - 7 curare-tipped darts
 Q - 2 javelins
 U - a throwing net {!f}
 X - 2 boomerangs of dispersal {!f}
Armour
 q - a +0 pair of gloves (worn)
   (You found it on level 4 of the Dungeon)
 r - the scarf "Atyomaast" (worn) {rC+ rF+, rN+ Dex+3}
   (You bought it in a shop on level 2 of the Orcish Mines)

   Dex:       It affects your dexterity (+3).
   rN:        It protects you from negative energy.
 y - a +4 plate armour (worn)
   (You took it off an orc warrior on level 2 of the Orcish Mines)
 Z - a +0 hat (worn)
   (You took it off Gastronok on level 2 of the Lair of Beasts)
Jewellery
 i - a +6 ring of intelligence
   (You found it on level 2 of the Lair of Beasts)
 s - an amulet of reflection (around neck)
   (You found it on level 4 of the Dungeon)
 C - the ring "Viteyng" (left hand) {+Blink rC+ Str+6 Slay+3}
   (You acquired it in a bailey)

   [ring of strength]

   Str:       It affects your strength (+6).
   Slay:      It affects your accuracy & damage with ranged weapons and melee
   (+3).
   rC:        It protects you from cold.
   +Blink:    It lets you blink.
 I - the ring "Omupexer" (right hand) {rPois rC+ Will++ rCorr Dex-3}
   (You acquired it in a bailey)

   [ring of protection from cold]

   Dex:       It affects your dexterity (-3).
   rC:        It protects you from cold.
   rPois:     It protects you from poison.
   rCorr:     It protects you from acid and corrosion.
   Will:      It greatly increases your willpower.
 N - a ring of positive energy
   (You found it on level 12 of the Dungeon)
 P - an amulet of the acrobat
   (You found it on level 5 of the Lair of Beasts)
 S - a ring of see invisible
   (You found it on level 2 of the Dungeon)
Wands
 f - a wand of flame (56)
   (You found it on level 8 of the Dungeon)
 R - a wand of roots (23)
   (You found it on level 8 of the Dungeon)
 T - a wand of charming (17)
   (You found it on level 10 of the Dungeon)
 W - a wand of quicksilver (9)
   (You found it on level 1 of the Lair of Beasts)
Scrolls
 c - 2 scrolls of poison {!r}
 e - a scroll of fog
 j - 4 scrolls of silence
 k - 2 scrolls of fear
 t - 4 scrolls of teleportation {@r4}
 v - 4 scrolls of blinking
 w - a scroll of butterflies
 O - 3 scrolls of magic mapping
 Y - 2 scrolls of immolation {!r}
Potions
 m - 4 potions of attraction {!q}
 n - 3 potions of resistance
 o - 4 potions of cancellation
 u - 2 potions of invisibility
 x - 3 potions of mutation {!q}
 z - 3 potions of flight
 B - 8 potions of heal wounds {@q2}
 E - 2 potions of haste {@q3}
 H - 2 potions of might
 K - 2 potions of lignification {!q}
 M - 6 potions of ambrosia
 V - 9 potions of curing {@q1}
Miscellaneous
 F - a condenser vane
   (You bought it in a shop on level 2 of the Orcish Mines)


   Skills:
 + Level 15.9 Fighting
 - Level 19.5(20.0) Axes
 - Level 6.9(14.4) Maces & Flails
 * Level 17.0 Ranged Weapons
 - Level 2.4 Armour
 - Level 2.1 Dodging
 + Level 6.7 Evocations


You had 15 spell levels left.
You didn't know any spells.
Your spell library was empty.

Dungeon Overview and Level Annotations

Branches:
Dungeon (13/15)            Temple (0/1) D:5            Lair (5/5) D:10
 Shoals (0/4) Lair:3       Spider (0/4) Lair:3        Slime (0/5) Lair:5
    Orc (2/2) D:9             Elf (0/3) Orc:2       Ossuary (visited)
 Bailey (visited)
 Vaults: D:13-14

Altars:
Cheibriados
Dithmenos
Elyvilon
Fedhas
Kikubaaqudgha
Ru
Trog
Wu Jian
Xom
Yredelemnul
Zin
Lugonu

Shops:
D:5 (   D:6 !   D:11 *   D:13 [   Orc:2 ([:*

Portals:
Abyss: Lair:5

Annotations:
D:8 1 runed translucent door
D:13 Jorgrun


Innate Abilities, Weirdness & Mutations

You have a pair of horns on your head.
You reflexively headbutt those who attack you in melee.


Message History

You block the vampire mosquito's attack.
The vampire mosquito bites you but does no damage.
Jorgrun Earthshaker comes into view.
He is wielding a staff of earth.
a - a +3 heavy battleaxe (weapon)
The vampire mosquito bites you!
The vampire mosquito draws strength from your injuries!
Your skin crawls.
You feel strong-willed. The vampire mosquito barely misses you.
You furiously retaliate!
You headbutt the vampire mosquito!
The vampire mosquito bites you but does no damage.
You miss Jorgrun. You miss the vampire mosquito.
The vampire mosquito bites you but does no damage. x2
You block Jorgrun's attack.
You slash Jorgrun! You slice the vampire mosquito!!
You destroy the vampire mosquito!
Trog accepts your kill. Jorgrun hits you with a staff of earth!
Jorgrun shatters you!
You closely miss Jorgrun. You headbutt Jorgrun!
Jorgrun gestures at you while chanting. The iron shot hits you!!!
* * * LOW HITPOINT WARNING * * *
You miss Jorgrun. Your headbutt misses Jorgrun.
Jorgrun hits you with a staff of earth.
* * * LOW HITPOINT WARNING * * *
You miss Jorgrun. Jorgrun hits you but does no damage. Jorgrun shatters you!!
* * * LOW HITPOINT WARNING * * *
You chop Jorgrun into pieces!!!
Jorgrun says, "A few more walls knocked out 'ere an' thar an' 'tis whole place will come crashin' down."
Jorgrun hits you with a staff of earth.
* * * LOW HITPOINT WARNING * * *
You slice Jorgrun!! You headbutt Jorgrun. Jorgrun barely misses you.
Unknown command.
You barely miss Jorgrun. You headbutt Jorgrun.
Jorgrun gestures at you while chanting.
Roots burst forth from the earth!
The grasping roots grab you! The grasping roots constrict you!!
* * * LOW HITPOINT WARNING * * *
You miss Jorgrun. Your headbutt misses Jorgrun.
Jorgrun hits you but does no damage. Jorgrun shatters you.
* * * LOW HITPOINT WARNING * * *
The grasping roots constrict you.
* * * LOW HITPOINT WARNING * * *
You slash Jorgrun! Jorgrun hits you with a staff of earth.
* * * LOW HITPOINT WARNING * * *
Jorgrun shatters you!
* * * LOW HITPOINT WARNING * * *
The grasping roots constrict you!
You die...

+..# #....# ##..#+
#....' ..... #....#
.... +....# #######..#
#....# #.....'..#
#....# #..^..'..#
###+## #)g# #.# #.@#
##.# #..# #..#
####..##### ##.###
#.........# #..[..
#.........### #.....
#...........#####.....
#.........#....##.....
#.........####.##.....
...........# #........


You could see Jorgrun.

Vanquished Creatures
  Gastronok (Lair:2)
  An orc warlord (Orc:1)
  The ghost of avis the Nimble, a journeyman DgTm (Lair:3)
  Snorg (D:13)
  Josephine (D:11)
  Fannar (D:11)
  2 hydras (Lair:5)
  Erolcha (D:11)
  A centaur warrior (D:9)
  2 boulder beetles
  7 two-headed ogres
  2 thrashing horrors (Lair:5)
  3 orc high priests
  Nergalle (Lair:2)
  4 ugly things
  4 orc sorcerers
  8 orc knights
  3 necromancers (Orc:1)
  A deep elf pyromancer (D:12)
  2 cyclopes
  A manticore (D:13)
  15 elephants
  A smoke demon (Lair:5)
  4 black mambas
  A merfolk siren (Lair:3)
  8 cane toads
  2 gargoyles
  Maggie (D:8)
  A rime drake (Lair:3)
  3 kobold demonologists
  An efreet (D:13)
  9 komodo dragons
  2 unseen horrors
  2 ancient zymes (Lair:5)
  The ghost of testman the Conjurer, an amateur DrCj of Vehumet (D:3)
  3 merfolk (Lair:3)
  4 trolls
  A polar bear (Lair:2)
  30 blink frogs
  Prince Ribbit (D:6)
  6 dream sheep (Lair:5)
  2 large abominations (Lair:5)
  4 slime creatures (D:12)
  Sigmund (D:2)
  A spriggan (Lair:5)
  4 wraiths
  2 ynoxinuls (Lair:5)
  8 wyverns
  Eustachio (D:4)
  A spriggan (shapeshifter) (Lair:5)
  6 basilisks
  2 fire bats (Lair:4)
  51 yaks
  A steam dragon (D:7)
  3 chaos spawn (Lair:5)
  A vampire mosquito (D:13)
  11 small abominations (Lair:5)
  3 acid dragons
  2 wargs (Orc:2)
  Menkaure (D:5)
  10 water moccasins
  42 orc warriors
  2 ice beasts (D:7)
  A sky beast (D:7)
  6 ogres
  24 wolves
  3 centaurs
  4 kobold brigands
  5 scorpions
  11 bullfrogs
  A gnoll sergeant (D:11)
  20 wights
  2 cyclops skeletons (Orc:1)
  A troll skeleton (Orc:1)
  A troll zombie (Orc:1)
  23 killer bees
  A warg skeleton (Orc:1)
  7 electric eels
  3 howler monkeys
  3 jellies
  2 hounds
  16 orc priests
  A gnoll bouda (D:7)
  3 iguanas
  36 orc wizards
  An ogre zombie (Orc:1)
  8 mummies (Ossuary)
  14 gnolls
  8 adders
  An ogre simulacrum (Orc:1)
  A shadow imp (D:5)
  A white imp (D:7)
  2 orc simulacra (Orc:1)
  An orc skeleton (Orc:1)
  A worm (D:2)
  3 dart slugs
  89 orcs
  2 ball pythons
  5 bats
  9 endoplasms
  6 giant cockroaches
  15 goblins
  10 hobgoblins
  2 jackals (D:4)
  2 quokkas (D:1)
  4 frilled lizards
  4 gnoll zombies (Ossuary)
  2 hobgoblin zombies (Ossuary)
  20 kobolds
  A kobold zombie (Ossuary)
  An orc zombie (Ossuary)
  3 rats
  4 plants (Lair:1)
697 creatures vanquished.

Vanquished Creatures (collateral kills)
  4 killer bees (D:10)
4 creatures vanquished.

Vanquished Creatures (others)
  A hydra (D:13)
  A queen bee (D:10)
  A killer bee (D:10)
  An orc (Orc:2)
  41 fungi
  73 plants
118 creatures vanquished.

Grand Total: 819 creatures vanquished

Notes
Turn   | Place    | Note
-------+----------+-------------------------------------------
     0 | D:1      | Pooter the Minotaur Berserker began the quest for the Orb.
     0 | D:1      | Reached XP level 1. HP: 19/19 MP: 0/0
    55 | D:1      | Reached skill level 4 in Axes
    94 | D:1      | Reached XP level 2. HP: 24/27 MP: 1/1
   332 | D:1      | Reached ** piety under Trog
   383 | D:1      | Reached XP level 3. HP: 33/33 MP: 2/2
   730 | D:2      | Reached skill level 5 in Axes
  1017 | D:2      | Noticed Sigmund
  1033 | D:2      | Killed Sigmund
  1034 | D:2      | Reached skill level 5 in Fighting
  1034 | D:2      | Reached skill level 6 in Axes
  1034 | D:2      | Reached XP level 4. HP: 42/42 MP: 3/3
  1034 | D:2      | Reached XP level 5. HP: 48/48 MP: 4/4
  1203 | D:3      | Found a runed translucent door.
  1410 | D:3      | Found a faded altar of an unknown god.
  1519 | D:3      | Found a faded altar of an unknown god.
  1527 | D:3      | Found a shimmering altar of Xom.
  1790 | D:3      | Noticed testman's ghost (amateur DrCj)
  1809 | D:3      | Killed testman's ghost
  1810 | D:3      | Reached skill level 8 in Axes
  1810 | D:3      | Reached XP level 6. HP: 30/57 MP: 5/5
  2041 | D:4      | Noticed Menkaure
  2048 | D:5      | Entered Level 5 of the Dungeon
  2256 | D:5      | Killed Menkaure
  2257 | D:5      | Reached XP level 7. HP: 64/64 MP: 6/6
  2489 | D:4      | Noticed Eustachio
  2503 | D:4      | Killed Eustachio
  2504 | D:4      | Reached skill level 9 in Axes
  2829 | D:4      | Found a shadowy altar of Dithmenos.
  3411 | D:5      | Found Xeodaad's Weapon Shoppe.
  3899 | D:5      | Found a staircase to the Ecumenical Temple.
  3925 | D:5      | Found a bloodstained altar of Trog.
  3925 | D:5      | Found an ornate altar of the Wu Jian Council.
  4002 | D:6      | Noticed Prince Ribbit
  4009 | D:5      | Reached XP level 8. HP: 73/73 MP: 7/7
  4143 | D:5      | Reached skill level 10 in Axes
  4310 | D:6      | Killed Prince Ribbit
  4362 | D:6      | Found a sand-covered staircase.
  4365 | Ossuary  | Entered an ossuary
  4421 | Ossuary  | Reached skill level 11 in Axes
  4482 | Ossuary  | Reached *** piety under Trog
  4794 | D:6      | Found a snail-covered altar of Cheibriados.
  5009 | D:6      | Found Ageh's Distillery.
  5039 | D:6      | Bought a potion of invisibility for 88 gold pieces
  5039 | D:6      | Bought a potion of heal wounds for 55 gold pieces
  5039 | D:6      | Bought a potion of cancellation for 88 gold pieces
  5179 | D:6      | Found a basalt altar of Yredelemnul.
  5186 | D:6      | Reached XP level 9. HP: 72/83 MP: 8/8
  5280 | D:6      | Reached skill level 12 in Axes
  5299 | D:6      | Found an ancient bone altar of Kikubaaqudgha.
  5663 | D:7      | Reached skill level 13 in Axes
  5918 | D:7      | Reached skill level 1 in Ranged Weapons
  6227 | D:8      | Reached skill level 1 in Maces & Flails
  6285 | D:8      | Reached skill level 10 in Fighting
  6295 | D:8      | Noticed a two-headed ogre
  6306 | D:8      | Killed a two-headed ogre
  6307 | D:8      | Reached XP level 10. HP: 74/93 MP: 9/9
  6308 | D:8      | Reached **** piety under Trog
  6439 | D:8      | Found a flagged portal.
  6442 | D:8      | Found a runed translucent door.
  6454 | D:8      | Noticed a sixfirhy
  6497 | Bailey   | Entered a bailey
  7087 | Bailey   | Noticed an orc knight
  7094 | Bailey   | Killed an orc knight
  7095 | Bailey   | Reached skill level 5 in Maces & Flails
  7310 | Bailey   | Reached skill level 5 in Ranged Weapons
  7522 | Bailey   | Found an iron altar of Okawaru.
  7522 | Bailey   | Noticed an orc high priest
  7522 | Bailey   | Noticed an orc high priest
  7531 | Bailey   | Noticed a sixfirhy
  7532 | Bailey   | Killed an orc high priest
  7546 | Bailey   | Noticed a rust devil
  7546 | Bailey   | Noticed an orange demon
  7546 | Bailey   | Killed an orc high priest
  7547 | Bailey   | Reached skill level 14 in Axes
  7698 | Bailey   | Acquired the ring "Omupexer" {rPois rC+ Will++ rCorr Dex-3}
  7705 | Bailey   | Acquired a +2 triple crossbow of draining
  7740 | Bailey   | Identified the +0 leather armour of Negligence {Int+3
                  | Dex+2}
  8107 | Bailey   | Noticed an orc knight
  8114 | Bailey   | Killed an orc knight
  8654 | Bailey   | Acquired the ring "Viteyng" {+Blink rC+ Str+6 Slay+3}
  9105 | D:8      | Reached XP level 11. HP: 102/102 MP: 10/10
  9311 | D:8      | Noticed Maggie
  9317 | D:8      | Killed Maggie
 10157 | D:9      | Noticed a centaur warrior
 10177 | D:9      | Killed a centaur warrior
 10752 | D:9      | Found a staircase to the Orcish Mines.
 10769 | Orc:1    | Entered Level 1 of the Orcish Mines
 10888 | D:9      | Noticed a two-headed ogre
 10893 | D:9      | Killed a two-headed ogre
 10894 | D:9      | Reached skill level 15 in Axes
 11355 | Orc:1    | Noticed a necromancer
 11362 | Orc:1    | Noticed a necromancer
 11368 | Orc:1    | Noticed a necromancer
 11411 | Orc:1    | Killed a necromancer
 11495 | Orc:1    | Killed a necromancer
 11937 | Orc:1    | Killed a necromancer
 12349 | Orc:2    | Entered Level 2 of the Orcish Mines
 13296 | Orc:1    | Reached skill level 10 in Ranged Weapons
 13525 | Orc:2    | Noticed an orc knight
 13527 | Orc:2    | Noticed an orc sorcerer
 13537 | Orc:2    | Killed an orc knight
 13538 | Orc:2    | Reached XP level 12. HP: 42/112 MP: 11/11
 14193 | Orc:2    | Noticed an orc warlord
 14234 | Orc:1    | HP: 3/169 [orc warlord/+3 dire flail of holy wrath (13)]
 14237 | Orc:1    | Killed an orc warlord
 16520 | Orc:2    | Noticed an orc high priest
 16526 | Orc:2    | Killed an orc high priest
 19052 | Orc:2    | Found Zeack's Antique Armour Shoppe.
 19059 | Orc:2    | Bought a heavily runed scarf for 270 gold pieces
 19059 | Orc:2    | Identified the scarf "Atyomaast" {rC+ rF+, rN+ Dex+3} (You
                  | bought it in a shop on level 2 of the Orcish Mines)
 19070 | Orc:2    | Reached skill level 16 in Axes
 19288 | Orc:2    | Found a staircase to the Elven Halls.
 19314 | Orc:2    | Found Usittor's General Store.
 19320 | Orc:2    | Bought a scroll of blinking for 90 gold pieces
 19320 | Orc:2    | Bought a condenser vane for 480 gold pieces
 19320 | Orc:2    | Bought a potion of might for 48 gold pieces
 19342 | Orc:2    | Found Cieviot's Book Shoppe.
 19357 | Orc:2    | Found Ewugruatu's Antique Weapon Shoppe.
 19609 | D:10     | Entered Level 10 of the Dungeon
 19803 | D:10     | Found a white marble altar of Elyvilon.
 19805 | D:10     | Found a glowing silver altar of Zin.
 19998 | D:10     | Reached skill level 1 in Evocations
 20456 | D:10     | Found a staircase to the Lair.
 20674 | Lair:1   | Entered Level 1 of the Lair of Beasts
 20746 | Lair:1   | Reached ***** piety under Trog
 21070 | Lair:1   | Reached XP level 13. HP: 108/123 MP: 12/12
 22421 | Lair:2   | Noticed Nergalle
 22426 | Lair:2   | Killed Nergalle
 22597 | Lair:2   | Noticed Gastronok
 22604 | Lair:2   | Killed Gastronok
 23451 | Lair:3   | Reached skill level 17 in Axes
 23451 | Lair:3   | Found a hole to the Spider Nest.
 23666 | Lair:3   | Noticed Sonja
 23673 | Lair:3   | Sonja changed into Sonja the wyvern
 23673 | Lair:3   | Noticed Sonja
 23680 | Lair:3   | Killed Sonja the wyvern
 23779 | Lair:3   | Found a staircase to the Shoals.
 24260 | Lair:3   | Noticed avis's ghost (journeyman DgTm)
 24264 | Lair:3   | Found a runed translucent door.
 24753 | Lair:3   | Killed avis's ghost
 26399 | Lair:5   | Entered Level 5 of the Lair of Beasts
 26422 | Lair:5   | Reached skill level 18 in Axes
 26422 | Lair:5   | Reached XP level 14. HP: 109/133 MP: 13/13
 27058 | Lair:5   | Reached skill level 5 in Evocations
 27114 | Lair:5   | Reached skill level 15 in Ranged Weapons
 27170 | Lair:5   | Reached skill level 15 in Fighting
 28027 | Lair:5   | Found a corrupted altar of Lugonu.
 28027 | Lair:5   | Found a one-way gate to the infinite horrors of the Abyss.
 28596 | Lair:5   | Reached skill level 19 in Axes
 28781 | Lair:5   | Found a staircase to the Slime Pits.
 28895 | Lair:5   | Found a blossoming altar of Fedhas.
 29004 | Lair:5   | Reached XP level 15. HP: 141/141 MP: 14/14
 29135 | Lair:5   | Upgraded the game from 0.30-a0-989-g0d87f670db to
                  | 0.30-a0-996-ga6910c8ee8
 29352 | D:11     | Noticed Erolcha
 29356 | D:11     | Killed Erolcha
 29369 | D:11     | Reached ****** piety under Trog
 29372 | D:11     | Received a gift from Trog
 29381 | D:11     | Noticed Fannar
 29386 | D:11     | Killed Fannar
 29558 | D:11     | Found Qurhemom's General Store.
 29575 | D:11     | Bought a potion of lignification for 42 gold pieces
 29575 | D:11     | Bought a scroll of teleportation for 42 gold pieces
 29575 | D:11     | Bought a scroll of poison for 56 gold pieces
 30255 | D:11     | Noticed Josephine
 30260 | D:11     | Killed Josephine
 30782 | D:11     | Found a sacrificial altar of Ru.
 31821 | D:12     | Identified the +1 glaive of the Wicked God {heavy, rC+}
 32130 | D:13     | Reached XP level 16. HP: 135/151 MP: 15/15
 32222 | D:13     | Noticed Snorg
 32227 | D:13     | Killed Snorg
 32314 | D:13     | Found Paggiso's Antique Armour Emporium.
 32706 | D:13     | Noticed Jorgrun
 32718 | D:13     | Constricted to death by Jorgrun

Illustrated notes

Levels and vault maps discovered:
D:1:      dpeg_arrival_rooms_c, layout_rooms
D:2:      layout_loops_ring, uniq_sigmund
D:3:      layout_loops_ring, nicolae_overflow_ecumenical_swirl,
          shapermc_ecumenical_altar_acropolis, ebering_ghost_reflecting_pool
D:4:      layout_basic, grunt_dithmenos_smoke, uniq_eustachio, uniq_menkaure
D:5:      layout_loops_corners, gammafunk_temple_overflow_elements,
          minmay_temple_entry_from_below_a, serial_shops, shop
D:6:      layout_rooms, lemuel_doored_altar, gammafunk_temple_overflow_wave,
          serial_shops, nicolae_shop_waterfront, enter_ossuary_3,
          uniq_prince_ribbit1
D:7:      layout_rooms
D:8:      cheibrodos_shockbox, layout_basic, enter_bailey_5, uniq_maggie
D:9:      layout_basic, david_orc_2, chequers_serial_rivers_large_b
D:10:     layout_roguey [special_room_bee], mainiacjoe_overflow_catwalk_spiral,
          dpeg_oklobed_lair
D:11:     layout_layer_cave, serial_shops, nicolae_shop_trees,
          grunt_ministairs_1, nicolae_ru_the_path_less_chosen, uniq_fannar,
          uniq_erolcha, uniq_josephine
D:12:     layout_irregular_city, minmay_strange_pillars
D:13:     layout_roguey, skrybe_vaults_entry_preservation, serial_shops,
          nicolae_shop_waterfront, uniq_snorg, uniq_jorgrun
Lair:1:   layout_cave_pods, wad_woods_road_06, serial_bayou_lake_a
Lair:2:   layout_chaotic_city, grunt_megastairs_5, uniq_gastronok, uniq_nergalle
Lair:3:   layout_loops_ring, elwin_shoals_entry_stream,
          spider_nest_entry_web_field, hellmonk_ghost_happy_afterlife,
          uniq_sonja
Lair:4:   layout_cave_pods, amcnicky_mini_pool_medium
Lair:5:   hellmonk_lair_end_abyssal_woods, layout_loops_ring, slime_entry_1,
          basic_altar, grunt_megastairs_2
Orc:1:    dreamdust_under_siege, layout_caves, basic_altar
Orc:2:    grunt_orc_cross, layout_diamond_mine

Skill      XL: |  1  2  3  4  5  6  7  8  9 10 11 12 13 14 15 16 |
---------------+-------------------------------------------------+-----
Axes           | 4 6 8 9 11 13 14 15 16 18 19 | 19.5
Fighting       | 4 5 6 7 9 10 11 12 13 14 15 | 15.9
Ranged Weapons | 3 6 10 12 14 16 17 | 17.0
Maces & Flails | 3 6 |  6.9
Evocations     | 2 4 5 6 |  6.7
Armour         | |  2.4
Dodging        | |  2.1

Action                     |  1- 3 |  4- 6 |  7- 9 | 10-12 | 13-15 | 16-18 || total
---------------------------+-------+-------+-------+-------+-------+-------++-------
  Melee: Spear             |   105 |    18 |       |       |       |       ||   123
         Hand axe          |     3 |       |       |    19 |       |       ||    22
         Headbutt          |    11 |     4 |    50 |    50 |    81 |     6 ||   202
         Morningstar       |       |    34 |    90 |       |       |       ||   124
         War axe           |       |       |   141 |       |       |       ||   141
         Dire flail        |       |       |    30 |    41 |       |       ||    71
         Battleaxe         |       |       |       |   188 |   348 |    13 ||   549
         Broad axe         |       |       |       |       |    22 |     2 ||    24
         Punch             |       |       |       |       |     1 |       ||     1
   Fire: Sling             |       |       |     8 |       |       |       ||     8
         Shortbow          |       |       |     4 |    21 |       |       ||    25
         Triple crossbow   |       |       |       |   322 |   269 |    12 ||   603
  Throw: Dart              |       |       |     8 |     7 |    20 |       ||    35
         Stone             |       |       |    14 |       |       |       ||    14
 Invoke: Berserk           |     1 |     2 |     4 |    11 |     4 |       ||    22
         Trog's Hand       |     1 |       |    14 |    24 |    10 |     1 ||    50
  Evoke: Wand              |       |       |     5 |     4 |     5 |       ||    14
         Condenser vane    |       |       |       |     1 |       |       ||     1
    Use: Scroll            |     4 |       |     8 |    11 |     9 |       ||    32
         Potion            |       |       |     1 |     3 |     1 |       ||     5
   Stab: Invisible         |       |       |       |     1 |       |       ||     1
         Petrifying        |       |       |       |       |     1 |       ||     1
 Armour: Animal skin       |     2 |       |       |       |       |       ||     2
         Chain mail        |    26 |    15 |   119 |    40 |       |       ||   200
         Plate armour      |       |       |       |   136 |   205 |    17 ||   358
  Dodge: Dodged            |    25 |    20 |    92 |   127 |   156 |     8 ||   428
  Block: Buckler           |     7 |     6 |    84 |       |       |       ||    97
         Reflection        |       |       |     4 |     5 |     2 |       ||    11
         Other             |       |       |    10 |    85 |    95 |     4 ||   194

Table legend: (Time is in decaauts)
 A = Elapsed time spent in this place.
 B = Non-inter-level travel time spent in this place.
 C = Inter-level travel time spent in this place.
 D = Time resting spent in this place.
 E = Time spent auto-exploring this place.
 F = Levels seen in this place.
 G = Mean time per level.
                   A        B        C        D        E       F      G
               +--------+--------+--------+--------+--------+-----+--------+
         Total |  33639 |  32792 |    847 |  13669 |  14092 |  22 | 1529.0 |
       Dungeon |  13369 |  12838 |    531 |   2683 |   8023 |  13 | 1028.4 |
          Lair |   8851 |   8611 |    240 |   2366 |   4892 |   5 | 1770.2 |
  Orcish Mines |   8449 |   8374 |     75 |   6590 |    753 |   2 | 4224.5 |
       Ossuary |    302 |    302 |      0 |     25 |    148 |   1 |  302.0 |
        Bailey |   2665 |   2665 |      0 |   2004 |    276 |   1 | 2665.0 |
               +--------+--------+--------+--------+--------+-----+--------+

Top non-repeatable levels by time:
   Orc:2: 6356 daAuts
  Lair:5: 2854 daAuts
  Bailey: 2665 daAuts
   Orc:1: 2093 daAuts
  Lair:1: 1853 daAuts
    D:11: 1739 daAuts
  Lair:3: 1735 daAuts
  Lair:4: 1627 daAuts
     D:5: 1627 daAuts
     D:9: 1479 daAuts
     D:8: 1206 daAuts
    D:10: 1155 daAuts
    D:12: 1121 daAuts
     D:6: 944 daAuts
     D:3: 811 daAuts
